Map: Zen LE

Players

ViBEfan - Winner!

  • Race: Zerg Zerg
  • League: Diamond
  • Spawn Location: 1:00

A.I. 1 (Very Easy)

  • Race: Protoss Protoss
  • Spawn Location: 7:00

VOD

Have the link to the VOD?

Description

Time

  • Played on: Dec. 16, 2019, 2:21 p.m.
  • Length: 6:42
Show
View Real Time Build Order
Export as new Build Order

ViBEfan Zerg - Winner!

Build Orders: Hatch First 

Get SALT Encoding   

  12  0:00  Drone  
  13  0:12  Overlord  
  13  0:17  Drone  
  14  0:30  Drone x2  
  16  0:49  Hatchery  
  15  0:51  Drone  
  15  0:55  Drone  
  17  0:58  Drone  
  18  1:09  Extractor  
  17  1:14  Spawning Pool  
  17  1:17  Drone  
  17  1:20  Drone  
  18  1:28  Drone  
  19  1:39  Drone  
  20  1:49  Drone  
  21  2:01  Queen  
  23  2:02  Queen  
  23  2:03  Drone x2  
  27  2:10  Overlord  
  27  2:17  Drone  
  28  2:29  Drone x2  
  30  2:35  Overlord  
  30  2:36  Drone, Queen  
  33  2:38  Lair  
  33  2:44  Drone x2  
  35  2:52  Evolution Chamber  
  35  2:54  Drone  
  35  2:55  Drone  
  36  3:05  Drone  
  36  3:06  Drone  
  36  3:09  Roach Warren  
  36  3:11  Overlord  
  38  3:12  Drone  
  38  3:13  Drone x3  
  38  3:17  Drone  
  38  3:19  Zerg Missile Weapons Level 1  
  42  3:23  Drone x2  
  44  3:28  Extractor  
  44  3:30  Extractor, Drone x2  
  44  3:42  Overlord  
  44  3:49  Drone x7  
  51  4:03  Roach x2  
  51  4:06  Extractor  
  51  4:08  Roach x2  
  51  4:09  Glial Reconstitution  
  58  4:17  Drone  
  58  4:23  Hatchery  
  60  4:24  Roach  
  60  4:29  Overlord  
  60  4:30  Overlord x2  
  60  4:46  Overlord x2  
  60  4:49  Roach x4  
  68  4:59  Roach  
  76  5:00  Roach x3  
  76  5:02  Roach x3  
  82  5:15  Roach x3  
  82  5:19  Overlord  
  88  5:23  Overlord  
  88  5:29  Roach x6  
  100  5:41  Overlord x2  
  98  5:52  Roach x2  
  102  5:59  Roach x4  
  102  6:00  Roach  
  112  6:05  Roach x3  
  118  6:12  Roach  
  118  6:13  Roach x3  
Show
View Real Time Build Order
Export as new Build Order

A.I. 1 (Very Easy) Protoss 

Build Orders: 1 Gate Expand, Nexus First 

Get SALT Encoding   

  12  0:00  Probe  
  13  0:13  Probe  
  14  0:19  Pylon  
  14  0:43  Gateway  
  14  1:01  Nexus  
  14  1:20  Pylon  
  14  1:22  Zealot  
  14  1:24  Assimilator  
  16  1:38  Cybernetics Core  
  16  1:39  Probe  
  17  1:51  Probe  
  18  2:00  Probe  
  18  2:02  Assimilator  
  18  2:08  Stalker  
  19  2:09  Probe  
  20  2:18  Warp Gate, Probe  
  23  2:24  Probe  
  24  2:32  Probe  
  25  2:39  Probe  
  26  2:53  Probe  
  26  2:54  Assimilator  
  26  2:57  Pylon  
  27  3:00  Probe  
  27  3:04  Probe  
  29  3:15  Robotics Facility, Probe  
  29  3:19  Probe  
  33  3:27  Zealot  
  33  3:30  Probe  
  34  3:37  Probe  
  35  3:44  Probe  
  36  3:51  Probe  
  37  3:59  Probe  
  37  4:02  Observer  
  39  4:06  Probe  
  39  4:09  Probe  
  41  4:18  Assimilator  
  41  4:20  Probe  
  41  4:23  Observer, Probe  
  44  4:35  Probe  
  44  4:37  Sentry  
  44  4:38  Pylon  
  47  4:42  Probe  
  48  4:49  Probe  
  49  4:56  Probe  
  50  5:39  Stalker  
  50  5:41  Pylon  
  44  5:51  Probe  
  40  6:00  Probe  
  33  6:04  Probe  
  33  6:07  Zealot  
  33  6:15  Probe  
  27  6:18  Pylon  
  27  6:20  Probe  
  16  6:30  Probe  
  5  6:36  Stalker  
Tags
 
Add a new tag
Caveats
  • Supply blocks, unpowered buildings, or Contaminate may cause inaccurate times.
  • Supply counts are checked every 10 seconds.